 Dungeon Crawl Stone Soup version 0.18.1-50-g88ac8fd (webtiles) character file.

233 Drunkenshrew the Skirmisher (level 5, 0/39 HPs)
             Began as a High Elf Fighter on Oct 19, 2016.
             Was an Initiate of Makhleb.
             Killed from afar by Natasha (4 damage)
             ... with a magic dart
             ... on level 2 of the Dungeon.
             The game lasted 00:04:02 (967 turns).

Drunkenshrew the Skirmisher (High Elf Fighter)       Turns: 967, Time: 00:04:02

Health: 0/39       AC:  7    Str: 15    XL:     5   Next: 75%
Magic:  6/6        EV:  8    Int: 12    God:    Makhleb [......]
Gold:   57         SH:  9    Dex: 15    Spells: 0 memorised, 4 levels left

rFire  . . .     SeeInvis .     a - +0 war axe
rCold  . . .     Gourm    .     b - +0 scale mail
rNeg   . . .     Faith    .     c - +0 shield
rPois  .         Spirit   .     (no helmet)
rElec  .         Dismiss  .     (no cloak)
rCorr  .         Reflect  .     e - +0 pair of gloves
SustAt .         Harm     .     (no boots)
MR     .....                    (no amulet)
Stlth  ..........               (no ring)
                                (no ring)

@: flying (expiring), not resistant to hostile enchantments, extremely
unstealthy
A: no striking features
a: Renounce Religion


You were on level 2 of the Dungeon.
You worshipped Makhleb.
Makhleb was noncommittal.
You were hungry.

You visited 1 branch of the dungeon, and saw 2 of its levels.

You collected 57 gold pieces.

Inventory:

Hand Weapons
 a - a +0 war axe (weapon)
Armour
 b - a +0 scale mail (worn)
 c - a +0 shield (worn)
 e - a +0 pair of gloves (worn)
 i - a +0 chain mail
Scrolls
 k - a scroll of teleportation {unknown}
 l - 2 scrolls of identify {unknown}
 m - a scroll of remove curse {unknown}
 n - a scroll of noise {unknown}
Comestibles
 f - 2 bread rations
 g - 5 fruits
 h - a slice of pizza
 j - a meat ration


   Skills:
 + Level 5.0 Fighting
 - Level 1.5 Axes
 - Level 3.0 Armour
 + Level 3.7 Dodging
 - Level 3.0 Shields


You had 4 spell levels left.
You didn't know any spells.

Dungeon Overview and Level Annotations

Branches:
Dungeon (2/15)

Altars:
Kikubaaqudgha
Makhleb
Vehumet

Annotations:
D:2 Natasha


Message History

A goblin comes into view.
You are feeling hungry.
The goblin moves out of view.
Natasha drinks a potion.
Natasha flickers and vanishes!
Deactivating autopickup; reactivate with Ctrl-A.
Found a club.
You see here a potion of curing.
Something claws you. Something claws you.
Number of times to repeat, then command key: You must enter the number of times for the command to repeat.
Something claws you but does no damage. Something claws you but does no damage.
A magic dart appears from out of thin air!
The magic dart hits you!
* * * LOW HITPOINT WARNING * * *
You are starting to lose your buoyancy.
A magic dart appears from out of thin air!
The magic dart hits you!
You die...

##...##.# #......##.#
##.######## #......##.#
###.<..#####
#......##.# ###
.......##Z##
+......+.......
#####..#####
#.g....###..#.#
#....#...#
###.####.....g.#
###..#._.#
#.[...)..##....#
#..#...#####......#
..... ###'....#
#@.....# .#...)
#.......# #......#
##.####†.# #......#
#.....÷..####......#
#...8...)).##.###......
#..8.8........# #.##.#.
#.8._.8..#)#.## #.# >#
#..8.8..##...# ... #
#...8......#(####.#


You could see a goblin.

Vanquished Creatures
  Sigmund (D:2)
  Natasha (D:2)
  2 adders (D:2)
  An ooze (D:1)
  2 dart slugs (D:1)
  2 giant geckos (D:1)
  8 bats
  A giant cockroach (D:2)
  7 goblins
  4 hobgoblins
  2 kobolds (D:1)
  A giant newt (D:1)
  4 rats
36 creatures vanquished.

Vanquished Creatures (others)
  A human (D:2)
1 creature vanquished.

Grand Total: 37 creatures vanquished

Notes
Turn   | Place    | Note
--------------------------------------------------------------
     0 | D:1      | Drunkenshrew the High Elf Fighter began the quest for the Orb.
     0 | D:1      | Reached XP level 1. HP: 16/16 MP: 2/2
    70 | D:1      | Reached XP level 2. HP: 18/21 MP: 3/3
   376 | D:1      | Reached XP level 3. HP: 26/26 MP: 4/4
   460 | D:1      | Reached skill level 1 in Dodging
   579 | D:2      | Found a burning altar of Makhleb.
   580 | D:2      | Found a radiant altar of Vehumet.
   580 | D:2      | Noticed Sigmund
   588 | D:2      | Killed Sigmund
   588 | D:2      | Reached skill level 4 in Fighting
   588 | D:2      | Reached XP level 4. HP: 16/34 MP: 5/5
   588 | D:2      | Reached XP level 5. HP: 18/38 MP: 6/6
   608 | D:2      | Became a worshipper of Makhleb the Destroyer
   659 | D:2      | Found an ancient bone altar of Kikubaaqudgha.
   659 | D:2      | Noticed a human
   662 | D:2      | Found a faded altar to an unknown god.
   662 | D:2      | Killed a human
   882 | D:2      | Noticed Natasha
   888 | D:2      | Killed Natasha
   912 | D:2      | Reached skill level 5 in Fighting
   948 | D:2      | Noticed Natasha
   967 | D:2      | Killed from afar by Natasha

Skill      XL: |  1  2  3  4  5 |
---------------+----------------+-----
Shields        | 3 |  3.0
Armour         | 3 |  3.0
Dodging        | 3 |  3.7
Fighting       | 4 5 |  5.0
Axes           | |  1.5

Action                   |  1- 3 |  4- 6 || total
-------------------------+-------+-------++-------
Melee: War axe           |    74 |    49 ||   123
  Use: Potion            |     1 |     2 ||     3
Armor: Scale mail        |    44 |    29 ||    73
Dodge: Dodged            |    32 |    24 ||    56
Block: Shield            |    42 |    39 ||    81
